 Dungeon Crawl Stone Soup version 0.31-a0-202-g547052bce9 (webtiles) character file.

Game seed: 9639730519126166848

31 qw the Shooter (level 3, 0/20 HPs)
             Began as a Deep Elf Hunter on June 26, 2023.
             Succumbed to an adder's poison
             ... on level 2 of the Dungeon.
             The game lasted 00:00:31 (1038 turns).

qw the Shooter (Deep Elf Hunter)                    Turns: 1038, Time: 00:00:31

Health: 0/20       AC:  4    Str: 10    XL:     3   Next: 7%
Magic:  5/5        EV: 12    Int: 13    God:
Gold:   6          SH:  0    Dex: 18    Spells: 2/2 levels left

rFire   . . .        Y - +0 shortbow
rCold   . . .        (shield currently unavailable)
rNeg    . . .        c - +0 leather armour
rPois   .            d - +0 helmet
rElec   .            (no cloak)
rCorr   .            (no gloves)
SInv    .            (no boots)
Will    .....        (no amulet)
Stlth   ++           (no ring)
HPRegen 0.23/turn    (no ring)
MPRegen 0.09/turn

%: no passive effects
@: lethally poisoned (0 -> -1)
A: no striking features
a: no special abilities


You were on level 2 of the Dungeon.
You visited 1 branch of the dungeon, and saw 2 of its levels.

You collected 72 gold pieces.
You spent 66 gold pieces at shops.


   Skills:
 - Level 1.5 Fighting
 + Level 6.7 Ranged Weapons
 - Level 2.4 Dodging
 - Level 1.2 Stealth


You had 2 spell levels left.
You didn't know any spells.
Your spell library was empty.

Inventory:

Hand Weapons
 Y - a +0 shortbow (weapon)
Armour
 c - a +0 leather armour (worn)
 d - a +0 helmet (worn)
Potions
 e - 2 potions of curing

Dungeon Overview and Level Annotations

Branches:
Dungeon (2/15)

Altars:

Shops:
D:1 (   D:2 !


Message History

Enter note:
Enter note:
Enter note:
Enter note:
Found 15 gold pieces.
The adder hisses angrily.
Enter note:
Enter note:
Enter note:
Enter note: You shoot an arrow.
The arrow barely misses the adder.
You shoot an arrow. The arrow closely misses the adder.
The adder bites you.
You shoot an arrow. The arrow misses the adder.
The adder bites you. The adder bites you but does no damage.
You shoot an arrow. The arrow barely misses the adder.
The adder barely misses you.
You shoot an arrow. The arrow hits the adder.
The adder is moderately wounded.
The adder bites you but does no damage.
You shoot an arrow. The arrow barely misses the adder.
The adder bites you but does no damage. The adder bites you.
You are poisoned.
The adder poisons you!
You shoot an arrow. The arrow closely misses the adder.
You feel sick. The adder bites you but does no damage.
You shoot an arrow. The arrow misses the adder.
You feel sick. The adder barely misses you. The adder closely misses you.
You shoot an arrow.
The arrow hits the adder but does no damage.
The adder is moderately wounded.
You feel sick. The adder misses you.
You shoot an arrow. The arrow hits the adder.
The adder is heavily wounded.
You feel sick. The adder misses you. x2
You shoot an arrow. The arrow hits the adder.
The adder is severely wounded.
You feel sick. The adder bites you.
You shoot an arrow. The arrow closely misses the adder.
You die...

#.#.#.#.#..........#.
#.........#.#.#.#..#.
#.#.#.#.#..........#.
#.........#.#.#.#. #.
#.#.#.#.......... ..
#.........#.#.#. ...
#...##.####..... ..#.
###. #.# #... . #@#
.#. # #.S.# # #......
#....... #.......#
.#[......$
#.#......##.
#.#......# .#


You could see an adder.

Vanquished Creatures
  An adder (D:2)
  3 bats
  2 endoplasms (D:1)
  3 goblins
  2 hobgoblins (D:2)
  4 kobolds
  A quokka (D:1)
  A ball python (D:1)
  3 frilled lizards
  A rat (D:2)
21 creatures vanquished.

Notes
Turn   | Place    | Note
-------+----------+-------------------------------------------
     0 | D:1      | qw the Deep Elf Hunter began the quest for the Orb.
     0 | D:1      | Reached XP level 1. HP: 12/12 MP: 3/3
     0 | D:1      | 0 ||| qw: Version: 0.3-a-22-g0ed2b0b
     0 | D:1      | 0 ||| qw: Game counter: 5969
     0 | D:1      | 0 ||| qw: Melee chars always use a shield: true
     0 | D:1      | 0 ||| qw: God list: Okawaru
     0 | D:1      | 0 ||| qw: Allow faded altars: false
     0 | D:1      | 0 ||| qw: Do Orc after clearing Dungeon:15 true
     0 | D:1      | 0 ||| qw: Do second Lair branch before Depths: true
     0 | D:1      | 0 ||| qw: Lair rune preference: random
     0 | D:1      | 0 ||| qw: Goals: Normal
     0 | D:1      | 0 ||| PLANNING D:1-11
   119 | D:1      | Found Geijich's Antique Weapon Shoppe.
   237 | D:1      | HP: 3/12 [quokka (2)]
   245 | D:1      | HP: 3/12 [quokka (1)]
   361 | D:1      | Reached XP level 2. HP: 16/16 MP: 4/4
   364 | D:1      | Reached skill level 6 in Ranged Weapons
   376 | D:1      | 376 ||| Stepping ~*~*~tactically~*~*~ (water).
   639 | D:1      | 639 ||| UPGRADING to +0 helmet.
   644 | D:1      | 644 ||| READING scroll labelled URGHUN GAOSCHAM.
   645 | D:1      | 645 ||| READING scroll labelled GALIC VIPTUS.
   646 | D:1      | 646 ||| DROPPING scroll of butterflies.
   697 | D:2      | Found Jouqio's Distillery.
   703 | D:2      | 703 ||| BUYING 2 potions of curing (66 gold).
   703 | D:2      | Bought 2 potions of curing for 66 gold pieces
   703 | D:2      | 703 ||| SHOPLISTING potion of haste (110 gold, have 4).
   703 | D:2      | 703 ||| SHOPLISTING potion of might (44 gold, have 4).
   703 | D:2      | 703 ||| SHOPLISTING potion of mutation (88 gold, have 4).
   703 | D:2      | 703 ||| SHOPLISTING potion of resistance (110 gold, have
                  | 4).
   922 | D:2      | Reached XP level 3. HP: 20/20 MP: 5/5
   933 | D:2      | 933 ||| DROPPING ring of wizardry.
   934 | D:2      | 934 ||| READING scroll labelled FYJARA TIUWUJ.
  1035 | D:2      | HP: 5/20 [poisoned by an adder]
  1037 | D:2      | HP: 1/20 [adder (3)]
  1038 | D:2      | Succumbed to an adder's poison

Levels and vault maps discovered:
D:1:      heliophobic_arrival_glass_houses, layout_loops_ring, serial_shops,
          nicolae_shop_back_alley_shop, serial_bayou_crossing
D:2:      layout_basic, serial_co_window_serial, co_window_corner_a,
          co_window_paths_b, co_window_corner_a, co_window_corner_a,
          co_window_paths_a, co_window_paths_a, co_window_paths_a,
          co_window_cross_1, co_window_corner_a, co_window_broadway_a,
          co_window_broadway_c, co_window_broadway_a, co_window_corner_cb,
          glass_columns_b, glass_columns_c, glass_columns_a, glass_columns_b,
          shapermc_ecumenical_altar_pompeii, serial_shops,
          nicolae_shop_industrial_runoff, uniq_natasha

Skill      XL: |  1  2 |
---------------+-------+-----
Ranged Weapons | 6 |  6.7
Fighting       | |  1.5
Dodging        | |  2.4
Stealth        | |  1.2

Action                     || total
---------------------------++-------
   Fire: Shortbow          ||    87
    Use: Scroll            ||     3
 Armour: Leather armour    ||    10
  Dodge: Dodged            ||    33

Table legend:
 A = Non-vault XP
 B = Vault XP
 C = Vault XP percentage of total XP
 D = Non-vault monster count
 E = Vault monster count
 F = Vault count percentage of total count
                 A         B        C        D         E       F
            +---------+---------+-------+---------+---------+-------
      Total |      45 |       0 |   0.0 |      21 |       0 |   0.0
            +---------+---------+-------+---------+---------+-------
        D:1 |      20 |       0 |   0.0 |      12 |       0 |   0.0
        D:2 |      25 |       0 |   0.0 |       9 |       0 |   0.0
            +---------+---------+-------+---------+---------+-------
